 Dungeon Crawl Stone Soup version 0.31.0-12-g77e489cdc1 (webtiles) character file.

Game seed: 18311512527894119113

184 Gadfly the Covered (level 5, -1/45 HPs)
             Began as an Armataur Fighter on Feb 28, 2024.
             Incinerated by a bombardier beetle (4 damage)
             ... with a burning spray
             ... on level 3 of the Dungeon.
             The game lasted 00:03:15 (2060 turns).

Gadfly the Covered (Armataur Fighter)               Turns: 2060, Time: 00:03:16

Health: -1/45      AC: 12    Str: 21    XL:     5   Next: 36%
Magic:  6/6        EV:  5    Int:  9    God:
Gold:   90         SH:  4    Dex: 11    Spells: 4/4 levels left

rFire   . . .        a - +1 flail
rCold   . . .        c - +0 buckler
rNeg    . . .        i - +0 chain mail
rPois   .            f - +2 helmet
rElec   .            e - +0 cloak
rCorr   .            (no gloves)
SInv    .            (no barding)
Will    .....        h - amulet of faith Stlth
                     (no ring)
HPRegen 0.27/turn    (no ring)
MPRegen 0.10/turn

%: roll, faith
@: on fire, glowing
A: large, deformed body, tough skin 3, armoured tail, roll 1
a: no special abilities


You were on level 3 of the Dungeon.
You visited 1 branch of the dungeon, and saw 3 of its levels.

You collected 165 gold pieces.
You spent 75 gold pieces at shops.

Inventory:

Hand Weapons
 a - a +1 flail (weapon)
Armour
 c - a +0 buckler (worn)
 e - a +0 cloak (worn)
 f - a +2 helmet (worn)
 i - a +0 chain mail (worn)
Jewellery
 h - an amulet of faith (around neck)
Scrolls
 b - a scroll of identify
 k - a scroll of poison
 n - 2 scrolls of blinking
 o - a scroll of teleportation
Potions
 d - 2 potions of might
 g - a potion of brilliance {unknown}
 j - a potion of heal wounds
 l - a potion of enlightenment


   Skills:
 + Level 3.1 Fighting
 * Level 2.9 Maces & Flails
 + Level 4.3 Armour
 + Level 3.7 Shields
 * Level 2.2 Invocations
 * Level 2.0 Evocations


You had 4 spell levels left.
You didn't know any spells.
Your spell library contained the following spells:

 Spells                   Type           Power      Damage    Failure   Level
 Summon Small Mammal      Summ           0%         N/A       98%         1
 Sublimation of Blood     Necr           0%         N/A       99%         2
 Call Canine Familiar     Summ           0%         N/A       100%        3
 Tukima's Dance           Hex            0%         N/A       100%        3
 Dimensional Bullseye     Hex/Tloc       0%         N/A       100%        4
 Iskenderun's Mystic Bla  Conj/Tloc      0%         2d3       100%        4
 Petrify                  Alch/Erth      0%         N/A       100%        4
 Summon Blazeheart Golem  Fire/Summ      0%         N/A       100%        4
 Irradiate                Conj/Alch      0%         3d11      100%        5


Dungeon Overview and Level Annotations

Branches:
Dungeon (3/15)

Altars:
Sif Muna

Shops:
D:1 (?   D:2 *


Innate Abilities, Weirdness & Mutations

Armour fits poorly on your strangely shaped body.
You have extremely tough skin. (AC +3)
You have a long armoured tail.
You regenerate magic when rolling toward enemies. (Rampage MPRegen)


Message History

The bombardier beetle sprays incendiary fluid at you.
The burning spray hits you.
You are even more covered in liquid fire!
You hit the bombardier beetle.
The bombardier beetle is moderately wounded.
The liquid fire burns you!
You sock the bombardier beetle!
You tail-slap the bombardier beetle, but do no damage.
The bombardier beetle is almost dead.
The liquid fire burns you!
The bombardier beetle bites you but does no damage.
Unknown command.
You closely miss the bombardier beetle.
The bombardier beetle is almost dead.
The liquid fire burns you!
The bombardier beetle sprays incendiary fluid at you.
The burning spray hits you.
You are even more covered in liquid fire!
You completely miss the bombardier beetle.
You tail-slap the bombardier beetle.
You kill the bombardier beetle!
The liquid fire burns you!
* * * LOW HITPOINT WARNING * * *
Your Evocations skill increases to level 2!
You closely miss the kobold. You tail-slap the kobold.
The kobold is severely wounded.
The liquid fire burns you!
* * * LOW HITPOINT WARNING * * *
The kobold hits you with a +0 short sword.
* * * LOW HITPOINT WARNING * * *
Unknown command.
You barely miss the kobold.
Your tail-slap misses the kobold.
The kobold is heavily wounded.
The liquid fire burns you!
* * * LOW HITPOINT WARNING * * *
The kobold hits you but does no damage. The kobold barely misses you.
You closely miss the kobold.
Your tail-slap misses the kobold.
The kobold is heavily wounded.
The liquid fire burns you!
You die...

........# ###.##### #.#
#### ##'## #.. ##...##
#.# #.....## ###.###
.......###.....#
........##.#...#######.#
........'.......@K......
........##.#...#######.#
.......###.#....#
#.....## #.###..#
##...## #.# #..# ##+#
#.# #..# #.. ...# ### ##


You could see a kobold.

Vanquished Creatures
  A bombardier beetle (D:3)
  A hound (D:3)
  Jessica (D:2)
  Robin (D:1)
  2 adders (D:2)
  2 dart slugs
  4 ball pythons
  6 bats
  3 endoplasms
  A giant cockroach (D:3)
  11 goblins
  6 hobgoblins
  7 jackals (D:1)
  4 kobolds
  2 quokkas
  4 frilled lizards
  4 rats
60 creatures vanquished.

Notes
Turn   | Place    | Note
-------+----------+-------------------------------------------
     0 | D:1      | Gadfly the Armataur Fighter began the quest for the Orb.
     0 | D:1      | Reached XP level 1. HP: 18/18 MP: 1/1
    21 | D:1      | Found Efideb's Jewellery Shop.
    62 | D:1      | Found Empaeb's Antique Weapon Shoppe.
   116 | D:1      | Reached XP level 2. HP: 25/25 MP: 2/2
   504 | D:1      | Reached skill level 1 in Invocations
   510 | D:1      | Reached skill level 1 in Evocations
   533 | D:1      | Found The Oracle's Delphic Readings.
   696 | D:2      | Noticed Jessica
   704 | D:2      | Killed Jessica
   705 | D:2      | Reached skill level 4 in Armour
   705 | D:2      | Reached XP level 3. HP: 13/30 MP: 2/4
   719 | D:2      | Noticed Robin
   872 | D:1      | Killed Robin
   873 | D:1      | Reached XP level 4. HP: 18/37 MP: 5/5
  1546 | D:2      | Found Merhoqap's General Store.
  1554 | D:2      | Bought a scroll of blinking for 75 gold pieces
  1700 | D:3      | Found a shimmering blue altar of Sif Muna.
  1707 | D:3      | Found a faded altar of an unknown god.
  1760 | D:3      | Reached XP level 5. HP: 36/45 MP: 6/6
  2060 | D:3      | Incinerated by a bombardier beetle

Illustrated notes

Levels and vault maps discovered:
D:1:      scummos_arrival_hexagon, layout_loops_ring, serial_shops, shop,
          shop_statue, hangedman_decor_clover_reticule,
          corexii_leaking_fountain, nicolae_nh_oracle_at_delphi
D:2:      layout_basic, serial_shops, shop, uniq_jessica, uniq_robin
D:3:      layout_loops_corners, lemuel_doored_altar, basic_ecumenical_altar,
          minivault_24

Skill      XL: |  1  2  3  4  5 |
---------------+----------------+-----
Maces & Flails | 2 |  2.9
Invocations    | 1 2 |  2.2
Evocations     | 1 2 |  2.0
Armour         | 4 |  4.3
Fighting       | 3 |  3.1
Shields        | |  3.7

Action                     |  1- 3 |  4- 6 || total
---------------------------+-------+-------++-------
  Melee: Flail             |   100 |    90 ||   190
         Tailslap          |    10 |     7 ||    17
    Use: Scroll            |     3 |     6 ||     9
 Armour: Scale mail        |    30 |       ||    30
         Chain mail        |    97 |    82 ||   179
  Dodge: Dodged            |    36 |    27 ||    63
  Block: Buckler           |    22 |    21 ||    43
